 Dungeon Crawl Stone Soup version 0.29.1-15-g9cfb28693d (webtiles) character file.

Game seed: 11463066644640994502

4084 adizb the Grappler (level 10, -2/150 HPs)
             Began as a Troll Berserker on Apr 27, 2023.
             Was an Elder of Trog.
             Slain by a killer bee (3 damage)
             ... on level 9 of the Dungeon.
             The game lasted 00:31:09 (6282 turns).

adizb the Grappler (Troll Berserker)                Turns: 6282, Time: 00:31:10

Health: -2/150     AC:  4    Str: 31    XL:     10   Next: 5%
Magic:  3/3        EV: 10    Int:  3    God:    Trog [****..]
Gold:   514        SH:  0    Dex:  9    Spells: 9/9 levels left

rFire   . . .      SeeInvis .   l - +5 demon whip "Spellbinder" {antimagic, Will+}
rCold   . . .      Faith    .   (no shield)
rNeg    + . .      Spirit   .   a - +0 animal skin
rPois   .          Reflect  .   (helmet restricted)
rElec   .          Harm     .   (no cloak)
rCorr   .          Rampage  .   (gloves unavailable)
Will    +++++                   (boots unavailable)
Stlth   ..........              s - amulet of the Devil's Advocate {Acrobat Will+}
HPRegen 2.15/turn               w - ring of willpower
MPRegen 0.08/turn               y - ring of positive energy

@: berserking, lethally poisoned (-2 -> -8), strong-willed, regenerating, very
quick
A: large, unfitting armour, claws 3, regeneration 1, shaggy fur 1, tough skin 1
a: Renounce Religion, Berserk, Trog's Hand, Brothers in Arms


You were on level 9 of the Dungeon.
You worshipped Trog.
Trog was greatly pleased with you.
You visited 1 branch of the dungeon, and saw 9 of its levels.
You also visited: Ossuary.

You collected 618 gold pieces.
You spent 104 gold pieces at shops.

Inventory:

Hand Weapons
 h - the +10 quarterstaff "Yfeol" {freeze, rN+ Will+}
   (You took it off an orc priest on level 8 of the Dungeon)

   It freezes those it strikes, dealing additional cold damage.
   It can also slow down cold-blooded creatures.
   rN:        It protects you from negative energy.
   Will:      It increases your willpower.
 l - the +5 demon whip "Spellbinder" (weapon) {antimagic, Will+}
   (You found it on level 2 of the Dungeon)

   It reduces the magical energy of the wielder, and disrupts the spells and
   magical abilities of those it strikes.
   Natural abilities and divine invocations are not affected.
   It unleashes wild and unpredictable magical effects upon striking a wizard or
   a creature with magical abilities.
   Will:      It increases your willpower.
Missiles
 C - a throwing net
 F - 2 silver boomerangs
 J - 3 boomerangs (quivered)
 K - 6 javelins
Armour
 a - a +0 animal skin (worn)
Jewellery
 o - a +6 ring of dexterity
 p - an amulet of guardian spirit
 s - the amulet of the Devil's Advocate (around neck) {Acrobat Will+}
   (You found it on level 2 of the Dungeon)

   [amulet of the acrobat]

   It increases your evasion while moving and waiting.
   Will:      It increases your willpower.
 w - a ring of willpower (left claw)
 y - a ring of positive energy (right claw)
 G - a ring of positive energy
Wands
 m - a wand of charming (13)
 A - a wand of digging (3)
 E - a wand of iceblast (14)
Scrolls
 d - 2 scrolls of vulnerability {unknown}
 g - 2 scrolls of blinking {unknown}
 j - a scroll of silence {unknown}
 q - 2 scrolls of enchant armour
 r - 3 scrolls of teleportation
 u - 2 scrolls of enchant weapon
 x - a scroll of poison
 D - a scroll of magic mapping {unknown}
Potions
 b - a potion of berserk rage {unknown}
 c - 3 potions of might
 e - 2 potions of resistance
 f - a potion of degeneration {unknown}
 i - 2 potions of heal wounds
 k - 3 potions of lignification
 t - 4 potions of curing
 v - a potion of magic {unknown}
 z - 2 potions of invisibility
 B - 2 potions of cancellation
 H - 2 potions of flight


   Skills:
 + Level 6.6 Fighting
 + Level 6.4 Maces & Flails
 + Level 6.3 Throwing
 - Level 2.4 Dodging
 + Level 8.1 Unarmed Combat


You had 9 spell levels left.
You didn't know any spells.
Your spell library was empty.

Dungeon Overview and Level Annotations

Branches:
Dungeon (9/15)             Temple (0/1) D:6         Ossuary (visited)
   Lair: D:8-11         Orc: D:9-12

Altars:
Qazlal
Ru
Trog
Yredelemnul
The Shining One

Shops:
D:1 (   D:4 :   D:5 *!   D:6 (

Annotations:
D:5 2 runed translucent doors


Innate Abilities, Weirdness & Mutations

You are too large for most types of armour.
You have claws for hands.
Your natural rate of healing is unusually fast.
You are covered in fur. (AC +1)
You have tough skin. (AC +1)


Message History

The killer bee closely misses you.
A red film seems to cover your vision as you go berserk!
You feel yourself moving faster!
You feel mighty!
You feel sick. The killer bee barely misses you.
The killer bee closely misses you. The killer bee stings you.
* * * LOW HITPOINT WARNING * * *
The killer bee barely misses you.
The killer bee stings you but does no damage.
The killer bee closely misses you.
The killer bee stings you but does no damage.
The killer bee stings you.
* * * LOW HITPOINT WARNING * * *
You miss the killer bee.
The killer bee is almost dead.
You feel sick. The killer bee closely misses you.
The killer bee stings you but does no damage.
The killer bee barely misses you. The killer bee stings you.
* * * LOW HITPOINT WARNING * * *
You closely miss the killer bee.
The killer bee is almost dead.
You feel sick. The killer bee barely misses you.
The killer bee closely misses you. The killer bee stings you.
* * * LOW HITPOINT WARNING * * *
You are more poisoned.
The killer bee poisons you! The killer bee stings you.
* * * LOW HITPOINT WARNING * * *
You are lethally poisoned!
The killer bee poisons you!
You are too berserk!
You are too berserk!
You closely miss the killer bee.
The killer bee is almost dead.
* * * LOW HITPOINT WARNING * * *
You feel very sick. The killer bee stings you.
* * * LOW HITPOINT WARNING * * *
The killer bee barely misses you.
The killer bee stings you but does no damage.
The killer bee stings you.
You die...

≈~≈~~..#.~≈≈~~.~.~....
≈≈≈≈~.....~≈≈~.~.~....
#≈≈≈≈.....#≈≈).~......
##≈≈≈#....##≈~.~).....
##≈ #.....##~b#......
# #.....[...# .....
#####....###..#......
........b.###.........
.........y@y...#......
.....?.###yyb#####..##
....... #bb.# ..
....... ....... #
......###~≈~~###
...... ≈≈b~≈≈ ....
~≈≈≈≈≈≈≈ .~≈≈≈≈≈≈≈≈


You could see 4 killer bees.

Vanquished Creatures
  A two-headed ogre (D:8)
  A hornet (D:8)
  2 yaks (D:5)
  A water moccasin (D:6)
  2 black bears (D:8)
  An ice beast (D:8)
  An orc warrior (D:8)
  2 ogres
  A phantom (D:6)
  A bullfrog (D:8)
  A kobold brigand (D:5)
  A gnoll sergeant (D:5)
  2 necrophages
  2 scorpions (D:5)
  8 wights (D:6)
  A killer bee (D:9)
  4 howler monkeys
  6 hounds
  4 jellies
  4 orc priests
  A gnoll bouda (D:4)
  Jessica (D:2)
  3 iguanas
  Ijyb (D:4)
  Natasha (thrice) (D:2)
  6 orc wizards
  2 mummies (Ossuary)
  11 gnolls
  13 adders
  2 shadow imps
  2 white imps
  2 ufetubi
  2 worms
  A dart slug (D:2)
  28 orcs
  12 ball pythons
  5 bats
  4 endoplasms
  4 giant cockroaches
  4 goblins
  4 hobgoblins
  6 quokkas
  5 frilled lizards
  2 gnoll zombies (Ossuary)
  2 goblin zombies (Ossuary)
  8 hobgoblin zombies (Ossuary)
  7 kobolds
  2 orc zombies (Ossuary)
  4 rats
193 creatures vanquished.

Vanquished Creatures (others)
  An orc wizard (D:8)
1 creature vanquished.

Grand Total: 194 creatures vanquished

Notes
Turn   | Place    | Note
-------+----------+-------------------------------------------
     0 | D:1      | adizb the Troll Berserker began the quest for the Orb.
     0 | D:1      | Reached XP level 1. HP: 22/22 MP: 0/0
    40 | D:1      | Found Moicin's Weapon Boutique.
   277 | D:1      | Reached XP level 2. HP: 27/29 MP: 1/1
   659 | D:2      | Found a faded altar of an unknown god.
   666 | D:2      | Found the +5 demon whip "Spellbinder" {antimagic, Will+}
   884 | D:2      | Reached XP level 3. HP: 25/36 MP: 0/2
   937 | D:2      | Reached ** piety under Trog
  1150 | D:2      | Reached skill level 1 in Throwing
  1212 | D:2      | Noticed Jessica
  1217 | D:2      | Killed Jessica
  1218 | D:2      | Reached skill level 1 in Maces & Flails
  1218 | D:2      | Reached skill level 4 in Unarmed Combat
  1218 | D:2      | Reached XP level 4. HP: 42/45 MP: 1/3
  1285 | D:2      | Noticed Natasha
  1289 | D:2      | Killed Natasha
  1290 | D:2      | Identified the amulet of the Devil's Advocate {Acrobat
                  | Will+}
  1679 | D:2      | Noticed Natasha
  1683 | D:2      | Killed Natasha
  1684 | D:2      | Reached XP level 5. HP: 47/53 MP: 1/4
  1784 | D:2      | Noticed Natasha
  1787 | D:2      | Killed Natasha
  1893 | D:3      | Reached *** piety under Trog
  2288 | D:4      | Found Yxiocir's Book Shop.
  2379 | D:5      | Entered Level 5 of the Dungeon
  2385 | D:5      | Reached XP level 6. HP: 50/61 MP: 1/5
  2441 | D:5      | Found Laupedon's Lightly-Used Armoury.
  2467 | D:5      | Found Arait's Distillery.
  2475 | D:5      | Bought a potion of heal wounds for 65 gold pieces
  2475 | D:5      | Bought a potion of curing for 39 gold pieces
  2565 | D:5      | Found a sand-covered staircase.
  2573 | Ossuary  | Entered an ossuary
  2734 | D:5      | Reached skill level 5 in Unarmed Combat
  2838 | D:4      | Reached XP level 7. HP: 68/70 MP: 2/6
  2877 | D:4      | Noticed Ijyb
  2889 | D:4      | Killed Ijyb
  2933 | D:4      | Found a sacrificial altar of Ru.
  3054 | D:4      | Reached **** piety under Trog
  3250 | D:5      | Found a large runed translucent door.
  3251 | D:5      | Found a large runed translucent door.
  3251 | D:5      | Noticed a yak
  3256 | D:5      | Found a large runed translucent door.
  3256 | D:5      | Found a large runed translucent door.
  3272 | D:5      | Killed a yak
  3280 | D:5      | Reached XP level 8. HP: 66/79 MP: 2/7
  3328 | D:5      | Reached skill level 6 in Unarmed Combat
  3330 | D:5      | Identified the +2 plate armour of the Invisible Queens
                  | {Rampage rN+ Will+}
  3408 | D:5      | Reached skill level 5 in Fighting
  3512 | D:5      | Found a glowing golden altar of the Shining One.
  3751 | D:6      | Found Wuzyi's Weapon Emporium.
  3872 | D:6      | Reached skill level 5 in Throwing
  3984 | D:6      | Found a staircase to the Ecumenical Temple.
  4013 | D:6      | Found a stormy altar of Qazlal.
  4014 | D:6      | Noticed an air elemental
  4098 | D:6      | Reached skill level 5 in Maces & Flails
  4133 | D:6      | Reached XP level 9. HP: 81/88 MP: 2/8
  4295 | D:6      | Reached skill level 7 in Unarmed Combat
  5110 | D:8      | Found a basalt altar of Yredelemnul.
  5579 | D:8      | HP: 3/89 [orc warrior/+0 scimitar (13)]
  5833 | D:8      | Noticed a two-headed ogre
  5833 | D:8      | Identified the +10 quarterstaff "Yfeol" {freeze, rN+ Will+}
  5869 | D:8      | Killed a two-headed ogre
  5870 | D:8      | Reached skill level 8 in Unarmed Combat
  5944 | D:8      | Found a bloodstained altar of Trog.
  5954 | D:8      | Reached XP level 10. HP: 89/100 MP: 3/9
  6277 | D:9      | HP: 5/100 [killer bee (8)]
  6282 | D:9      | HP: 4/150 [poisoned by a killer bee]
  6282 | D:9      | HP: 1/150 [killer bee (3)]
  6282 | D:9      | Slain by a killer bee

Illustrated notes

Levels and vault maps discovered:
D:1:      tarquinn_simple_flora_water_a, layout_loops_cross, serial_shops,
          nicolae_shop_bloodbath_and_beyond
D:2:      layout_loops_ring, chequers_ecumenical_altar_simple,
          grunt_ministairs_3, minmay_stone_trees_small,
          small_statue_intersection, uniq_jessica, uniq_natasha
D:3:      layout_rooms
D:4:      layout_gridville, hangedman_ru_absence, serial_shops,
          nicolae_take_the_stairs, uniq_ijyb
D:5:      layout_cave_pools, tso_metal_star, serial_shops,
          nicolae_shop_advertising_works [nicolae_subvault_shop_adworks],
          chequers_ossuary_entry_cave, minmay_shop_damaged,
          minmay_hollow_rounded_squares
D:6:      layout_loops_cross, nicolae_qazlal_style_of_elements, temple_hall,
          serial_shops, shop_fountains, serial_park_tiny_2,
          minmay_quadrilaterals
D:7:      layout_basic, minmay_misc_feat_ornament
D:8:      layout_basic, mainiacjoe_overflow_boulevard, trog_ov_bears_minmay,
          dreamdust_mushroom_princess, minivault_11
D:9:      layout_basic, nicolae_hepliaklqana_ecumenical_no_more,
          nicolae_uskayaw_en_pointe, bloody_makhleb

Skill      XL: |  1  2  3  4  5  6  7  8  9 |
---------------+----------------------------+-----
Throwing       | 1 2 3 5 6 |  6.3
Fighting       | 3 4 5 6 |  6.6
Maces & Flails | 1 2 3 5 6 |  6.4
Unarmed Combat | 4 5 6 8 |  8.1
Dodging        | |  2.4

Action                   |  1- 3 |  4- 6 |  7- 9 | 10-12 || total
-------------------------+-------+-------+-------+-------++-------
Melee: Unarmed           |    48 |       |       |       ||    48
       Punch             |     3 |     3 |    10 |       ||    16
       Demon whip        |    33 |   161 |   303 |    34 ||   531
Throw: Javelin           |       |       |    13 |       ||    13
       Boomerang         |       |       |     9 |     1 ||    10
Invok: Berserk           |       |     1 |     3 |     1 ||     5
       Trog's Hand       |       |       |     3 |     1 ||     4
  Use: Potion            |     1 |       |     2 |     4 ||     7
       Scroll            |       |     1 |     7 |     4 ||    12
 Stab: Sleeping          |     2 |     1 |     2 |       ||     5
Armor: Animal skin       |    29 |    44 |    38 |    23 ||   134
Dodge: Dodged            |    30 |    96 |   137 |    63 ||   326
